 Dungeon Sprint DCSS version 0.28.0-45-g0d030f2227 (webtiles) character file.

Game seed: 4309799742688867709

3900000 protoss039 the Intangible (level 24, -20/208 HPs)
             Began as a Djinni Warper on May 15, 2022.
             Was the Champion of Makhleb.
             Demolished by a sculptor of flesh
             ... wielding a +9 great sword
              (212 damage)
             ... in the Dungeon (Sprint VIII: "Arena of Blood").
             The game lasted 00:02:48 (39 turns).

protoss039 the Intangible (Djinni Warper)             Turns: 39, Time: 00:02:49

Health: -20/208    AC:  6    Str: 18    XL:     24   Next: 37%
Gold:   0          EV: 27    Int: 17    God:    Makhleb [******] SH:  0 Dex: 15

rFire   + + .      SeeInvis .   h - +∞ Axe of Woe
rCold   x . .      Faith    .   (shield currently unavailable)
rNeg    . . .      Spirit   .   a - +0 leather armour
rPois   ∞          Reflect  .   (no helmet)
rElec   .          Harm     .   (no cloak)
rCorr   .          Rampage  .   (no gloves)
Will    ++...      NoTele   +   (boots unavailable)
Stlth   ++++++++..              (no amulet)
HPRegen 0.44/turn               (no ring)
MPRegen 0.00/turn               (no ring)

@: flying
A: sickness immunity, fire resistance 2, cold vulnerability 1, float, innate
caster, HP casting, extra vitality 1
a: Renounce Religion, Minor Destruction, Lesser Servant of Makhleb, Major
Destruction, Greater Servant of Makhleb


You were in the Dungeon.
You worshipped Makhleb.
Makhleb was exalted by your worship.
You visited 1 branch

Inventory:

Hand Weapons
 h - the +∞ Axe of Woe (weapon)
   (You found it in the Dungeon)
Missiles
 c - 5 boomerangs of dispersal (quivered)
Armour
 a - a +0 leather armour (worn)
Scrolls
 b - 2 scrolls of blinking
Potions
 d - a potion of curing
 e - a potion of heal wounds
 f - a potion of haste
 g - a potion of berserk rage


   Skills:
 O Level 27 Fighting
 O Level 27 Axes
 + Level 20.2(26.0) Maces & Flails
 + Level 20.2(26.0) Polearms
 + Level 20.2(23.4) Slings
 + Level 20.4(23.5) Throwing
 O Level 27 Armour
 O Level 27 Dodging
 + Level 21.8 Stealth
 + Level 24.9 Unarmed Combat
 O Level 27 Spellcasting
 O Level 27 Invocations


You had 6 spell levels left.
You knew the following spells:

 Your Spells              Type           Power      Damage    Failure   Level
a - Blink                 Tloc           100%       N/A       0%          2
b - Lesser Beckoning      Tloc           86%        N/A       0%          3
c - Gell's Gravitas       Tloc           86%        N/A       0%          3
d - Teleport Other        Tloc           86%        N/A       0%          3
e - Manifold Assault      Tloc           86%        N/A       0%          5
f - Freeze                Ice            100%       1d11      0%          1
g - Call Imp              Summ           86%        N/A       0%          2
h - Conjure Flame         Conj/Fire      86%        6-21      0%          3
i - Dispel Undead         Necr           86%        3d28      0%          4
j - Silence               Hex/Air        43%        N/A       0%          5
k - Blade Hands           Tmut           43%        N/A       0%          5
l - Eringya's Noxious Bo  Tmut/Pois      43%        N/A       0%          6
m - Ozocubu's Refrigerat  Ice            43%        4d13      1%          7
n - Storm Form            Tmut/Air       43%        N/A       1%          7
o - Summon Hydra          Summ           43%        N/A       1%          7
p - Borgnjor's Revivific  Necr           43%        N/A       1%          8
Your spell library was empty.

Dungeon Overview and Level Annotations

Branches:
Dungeon (1/1)

Altars:
Makhleb


Innate Abilities, Weirdness & Mutations

You are immune to sickness and miasma.
You are immune to poison.
Your flesh is very heat resistant. (rF++)
You are vulnerable to cold. (rC-)
You float through the air rather than walking.
You learn spells naturally, not from books.
Your magical power is your life essence.
You have superior vitality. (+4 MHP)


Message History

You hear a shout!
A sculptor of flesh comes into view. It is wielding a +9 great sword.
You hear a shout! x4
There is a burning altar of Makhleb here.
Unknown command.
Press < or > to pray at altars.
Unknown command.
Press < or > to pray at altars.
Unknown command.
Press < or > to pray at altars.
Unknown command.
Press < or > to pray at altars.
You slice the bag of meat!!
You hew the bag of meat savagely.
You kill the bag of meat!
Makhleb accepts your kill.
The sculptor of flesh appears out of thin air!
A sculptor of flesh comes into view. It is wielding a +9 great sword.
You hear a shout! x3
A bag of meat comes into view. It is wielding a +9 war axe.
You hear a shout! x3
Your base Maces & Flails skill increases to level 20!
Your base Polearms skill increases to level 20!
Your base Slings skill increases to level 20!
Unknown command.
Press < or > to pray at altars.
Unknown command.
Press < or > to pray at altars.
You hear a shout! x2
The sculptor of flesh is engulfed in blazing flames.
You hear a shout! x2
A sculptor of flesh comes into view. It is wielding a +9 great sword.
The meat berserker hits you with a +9 battleaxe!
You hear a shout!
The sculptor of flesh is engulfed in blazing flames.
The destroyer casts a spell at you.
The destroyer blinks!
You hear a shout! x2
The sculptor of flesh hits you with a +9 great sword!!!!!
Ouch! That really hurt!
You die...

.. ..... .... #...
...# )#... #... ...# .
......###§o☼ ...###..
...○°○...zz###......
..)#)....○.☼_.....
.#.)....)#.....# .
.........#_Oz)_# ...
#.)...).#))@).#)....
..#.)).).○☼_)V.).....
.))...).)☼§###).......
).....###oV.....###...
.)..)) #)......# ..
..... #§§.V...# ....)
☼)§...o). #.#)
.z○☼.o)o).. .#..
..........


You could see 2 destroyers, 4 sculptors of flesh, a meat berserker (berserk) and
2 bags of meat.

Vanquished Creatures
  5 vampire knights (D)
  13 ogres (D)
  4 two-headed ogres (D)
  29 orcs (D)
51 creatures vanquished.

Notes
Turn   | Place    | Note
-------+----------+-------------------------------------------
     0 | D        | Found the +∞ Axe of Woe
     0 | D        | protoss039 the Djinni Warper began the quest for the Orb.
     0 | D        | Reached XP level 1. HP: 18/18 MP: 0/0
     0 | D        | Noticed a bag of meat
     2 | D        | Noticed a bag of meat
     3 | D        | Noticed a bag of meat
     4 | D        | Became a worshipper of Makhleb the Destroyer
     5 | D        | Killed a bag of meat
     5 | D        | Noticed a meat berserker
     5 | D        | Noticed a meat berserker
     6 | D        | Reached skill level 10 in Dodging
     6 | D        | Reached skill level 15 in Spellcasting
     6 | D        | Reached XP level 2. HP: 34/34 MP: 0/0
     6 | D        | Reached XP level 3. HP: 40/40 MP: 0/0
     6 | D        | Learned a level 1 spell: Freeze
     6 | D        | Reached XP level 4. HP: 45/45 MP: 0/0
     6 | D        | Reached XP level 5. HP: 50/50 MP: 0/0
     6 | D        | Learned a level 2 spell: Call Imp
     6 | D        | Reached XP level 6. HP: 57/57 MP: 0/0
     6 | D        | Reached XP level 7. HP: 61/61 MP: 0/0
     6 | D        | Learned a level 3 spell: Conjure Flame
     6 | D        | Reached XP level 8. HP: 67/67 MP: 0/0
     6 | D        | Reached XP level 9. HP: 73/73 MP: 0/0
     6 | D        | Learned a level 4 spell: Dispel Undead
     6 | D        | Reached XP level 10. HP: 78/78 MP: 0/0
     6 | D        | Reached XP level 11. HP: 84/84 MP: 0/0
     6 | D        | Learned a level 5 spell: Silence
     6 | D        | Noticed a meat berserker
     7 | D        | Noticed a bag of meat
     8 | D        | Noticed a meat berserker
     8 | D        | Noticed a bag of meat
     9 | D        | Killed a meat berserker
     9 | D        | Reached * piety under Makhleb
     9 | D        | Killed a bag of meat
    10 | D        | Reached skill level 15 in Fighting
    10 | D        | Reached XP level 12. HP: 95/103 MP: 0/0
    10 | D        | Reached XP level 13. HP: 100/108 MP: 0/0
    10 | D        | Learned a level 5 spell: Blade Hands
    10 | D        | Killed a meat berserker
    10 | D        | Noticed a bag of meat
    11 | D        | Reached skill level 10 in Armour
    11 | D        | Reached XP level 14. HP: 71/119 MP: 0/0
    11 | D        | Killed a meat berserker
    11 | D        | Reached ** piety under Makhleb
    11 | D        | Killed a meat berserker
    11 | D        | Killed a bag of meat
    11 | D        | Noticed a bag of meat
    12 | D        | Reached skill level 10 in Axes
    12 | D        | Reached XP level 15. HP: 130/130 MP: 0/0
    12 | D        | Learned a level 6 spell: Eringya's Noxious Bog
    12 | D        | Reached *** piety under Makhleb
    13 | D        | Reached XP level 16. HP: 139/139 MP: 0/0
    13 | D        | Noticed a meat berserker
    13 | D        | Noticed a meat berserker
    14 | D        | Reached **** piety under Makhleb
    14 | D        | Killed a meat berserker
    15 | D        | Reached skill level 15 in Armour
    15 | D        | Reached XP level 17. HP: 150/150 MP: 0/0
    15 | D        | Learned a level 7 spell: Ozocubu's Refrigeration
    15 | D        | Killed a meat berserker
    15 | D        | Reached ***** piety under Makhleb
    15 | D        | Noticed a destroyer
    16 | D        | Reached XP level 18. HP: 147/161 MP: 0/0
    16 | D        | Killed a destroyer
    16 | D        | Noticed a meat berserker
    16 | D        | Noticed a meat berserker
    17 | D        | Reached skill level 27 in Dodging
    17 | D        | Killed a meat berserker
    17 | D        | Reached ****** piety under Makhleb
    17 | D        | Noticed a large bag of meat
    18 | D        | Reached skill level 27 in Fighting
    18 | D        | Reached skill level 27 in Invocations
    18 | D        | Reached XP level 19. HP: 142/174 MP: 0/0
    18 | D        | Learned a level 7 spell: Storm Form
    18 | D        | Noticed a destroyer
    18 | D        | Noticed a meat berserker
    19 | D        | Killed a meat berserker
    19 | D        | Killed a destroyer
    20 | D        | Reached XP level 20. HP: 181/181 MP: 0/0
    20 | D        | Killed a meat berserker
    20 | D        | Killed a large bag of meat
    20 | D        | Noticed a large bag of meat
    20 | D        | Noticed a meat berserker
    20 | D        | Noticed a destroyer
    21 | D        | Reached skill level 27 in Axes
    21 | D        | Reached skill level 27 in Armour
    21 | D        | Reached XP level 21. HP: 187/187 MP: 0/0
    21 | D        | Learned a level 7 spell: Summon Hydra
    21 | D        | Noticed a meat berserker
    22 | D        | Noticed a large bag of meat
    22 | D        | Noticed a meat berserker
    22 | D        | Noticed a destroyer
    23 | D        | Killed a large bag of meat
    23 | D        | Killed a meat berserker
    23 | D        | Killed a destroyer
    23 | D        | Noticed a large bag of meat
    24 | D        | Reached skill level 27 in Spellcasting
    24 | D        | Reached skill level 10 in Maces & Flails
    24 | D        | Reached skill level 10 in Polearms
    24 | D        | Reached skill level 10 in Throwing
    24 | D        | Reached skill level 10 in Stealth
    24 | D        | Killed a meat berserker
    24 | D        | Killed a meat berserker
    25 | D        | Reached XP level 22. HP: 159/194 MP: 0/0
    25 | D        | Killed a large bag of meat
    26 | D        | Reached skill level 15 in Stealth
    26 | D        | Killed a destroyer
    27 | D        | Reached skill level 15 in Maces & Flails
    27 | D        | Reached skill level 15 in Polearms
    27 | D        | Reached skill level 15 in Slings
    27 | D        | Reached skill level 15 in Throwing
    27 | D        | Reached XP level 23. HP: 184/201 MP: 0/0
    27 | D        | Learned a level 8 spell: Borgnjor's Revivification
    27 | D        | Killed a large bag of meat
    28 | D        | Noticed a destroyer
    30 | D        | Noticed a destroyer
    33 | D        | Killed a destroyer
    34 | D        | Reached XP level 24. HP: 208/208 MP: 0/0
    34 | D        | Noticed a destroyer
    39 | D        | Demolished by a sculptor of flesh

Illustrated notes

Levels and vault maps discovered:
D:        meatsprint

Skill      XL: |  1  2  3  4  5  6  7  8  9 10 11 12 13 14 15 16 17 18 19 20 21 22 23 24 |
---------------+-------------------------------------------------------------------------+-----
Fighting       | 9 15 17 20 23 24 27 | 27.0
Axes           | 3 10 11 14 16 21 26 27 | 27.0
Throwing       | 3 13 15 19 20 | 20.4
Armour         | 2 9 10 13 14 15 17 20 24 27 | 27.0
Dodging        | 10 16 18 21 22 24 26 27 | 27.0
Unarmed Combat | 9 17 19 23 24 | 24.9
Spellcasting   | 15 17 18 19 20 21 23 26 27 | 27.0
Invocations    | 12 14 18 19 21 23 27 | 27.0
Maces & Flails | 13 15 19 20 | 20.2
Polearms       | 13 15 19 20 | 20.2
Slings         | 13 15 19 20 | 20.2
Stealth        | 14 16 20 21 | 21.8

Action                   |  1- 3 |  4- 6 |  7- 9 | 10-12 | 13-15 | 16-18 | 19-21 | 22-24 || total
-------------------------+-------+-------+-------+-------+-------+-------+-------+-------++-------
Melee: Executioner's axe |     1 |       |       |     1 |     3 |    12 |    15 |    11 ||    43
 Cast: Manifold Assault  |       |       |       |       |       |     3 |     4 |     1 ||     8
       Blink             |       |       |       |       |       |     1 |       |       ||     1
       Gell's Gravitas   |       |       |       |       |       |       |       |     2 ||     2
       Lesser Beckoning  |       |       |       |       |       |       |       |     1 ||     1
Dodge: Dodged            |       |       |       |       |       |     1 |     1 |       ||     2
